Map: Frozen Temple

Players

Tireless - Winner!

  • Race: Zerg Zerg
  • League: Diamond

A.I. 1 (Very Easy)

  • Race: Terran Terran

VOD

Have the link to the VOD?

Description

Time

  • Played on: July 30, 2016, 11:46 p.m.
  • Length: 9:32
Show
View Real Time Build Order
Export as new Build Order

Tireless Zerg - Winner!

Build Orders: Hatch First 

Get SALT Encoding   

  12  0:01  Drone  
  13  0:12  Overlord  
  13  0:17  Drone  
  14  0:31  Drone x2  
  14  0:34  Drone  
  17  0:54  Hatchery  
  17  0:56  Drone  
  17  0:59  Drone  
  18  1:14  Spawning Pool  
  18  1:17  Drone  
  18  1:20  Drone  
  19  1:28  Drone  
  20  1:38  Overlord  
  22  2:01  Zergling x4  
  22  2:06  Drone, Queen x2  
  27  2:11  Drone  
  28  2:17  Drone  
  29  2:24  Drone  
  29  2:29  Drone  
  31  2:32  Drone  
  32  2:40  Overlord  
  32  2:41  Queen x2  
  36  2:53  Extractor  
  36  2:54  Extractor  
  34  3:00  Drone x3  
  34  3:01  Drone  
  34  3:05  Drone  
  39  3:09  Roach Warren  
  38  3:20  Hatchery  
  38  3:21  Queen  
  39  3:27  Drone x2  
  39  3:29  Overlord  
  41  3:44  Drone  
  41  3:45  Evolution Chamber, Drone x2  
  41  3:47  Evolution Chamber  
  41  3:54  Drone x2  
  43  3:57  Overlord  
  43  4:10  Zerg Missile Weapons Level 1  
  43  4:12  Zerg Ground Armor Level 1  
  43  4:14  Drone x3  
  43  4:16  Drone  
  47  4:18  Drone  
  47  4:20  Drone  
  49  4:43  Roach x4  
  49  4:44  Roach x3  
  63  4:46  Roach  
  63  4:50  Drone  
  63  4:51  Overlord  
  66  4:53  Overlord  
  66  5:10  Drone x3  
  66  5:11  Drone x5  
  66  5:13  Overlord  
  66  5:14  Overlord  
  74  5:15  Drone  
  75  5:23  Lair  
  75  5:25  Drone x2  
  77  5:36  Drone x4  
  81  5:48  Drone x4  
  81  5:49  Drone  
  86  5:53  Extractor x2  
  86  5:56  Overlord x2  
  84  5:59  Drone  
  84  6:00  Drone x2  
  87  6:14  Extractor  
  87  6:15  Drone x3, Extractor  
  88  6:20  Zerg Ground Armor Level 2  
  88  6:23  Zerg Missile Weapons Level 2  
  88  6:24  Overlord  
  88  6:25  Overlord x7  
  88  6:41  Roach x9  
  88  6:44  Glial Reconstitution  
  106  6:55  Roach  
  106  6:56  Roach x5  
  118  7:04  Overlord x2  
  118  7:06  Roach x2  
  118  7:07  Roach  
  124  7:19  Roach x5  
  124  7:20  Roach x2  
  138  7:26  Roach  
  138  7:27  Roach  
  138  7:29  Overlord  
  142  7:30  Roach  
  144  7:41  Roach x3  
  144  7:42  Roach x4  
  158  7:47  Roach  
  158  7:48  Roach x3  
  166  7:58  Roach x4  
  174  8:10  Roach x7  
  188  8:15  Ravager x5  
  188  8:16  Ravager  
  188  8:19  Ravager  
  195  8:24  Ravager  
  196  8:32  Roach x2  
  200  8:54  Extractor  
  200  8:55  Infestation Pit, Hatchery  
  198  9:00  Drone x4, Extractor  
Show
View Real Time Build Order
Export as new Build Order

A.I. 1 (Very Easy) Terran 

Build Orders: Reaper Expand 

Get SALT Encoding   

  12  0:00  SCV  
  13  0:13  SCV  
  14  0:19  Supply Depot  
  14  0:46  Barracks  
  14  1:04  Command Center  
  14  1:33  Supply Depot, Orbital Command  
  14  1:34  Marine  
  14  1:39  Refinery  
  15  1:52  Refinery  
  15  2:00  SCV  
  16  2:12  SCV  
  17  2:15  SCV  
  17  2:19  Reaper  
  19  2:24  SCV  
  20  2:30  SCV  
  21  2:37  SCV  
  22  2:44  SCV  
  22  2:51  SCV, Refinery  
  24  2:58  SCV  
  24  3:05  SCV, Marine  
  27  3:13  SCV  
  28  3:20  SCV  
  28  3:21  Factory  
  29  3:44  Refinery  
  29  3:46  SCV  
  29  3:51  Barracks Tech Lab  
  29  3:53  SCV  
  30  4:00  SCV, Supply Depot  
  31  4:05  Starport  
  31  4:07  SCV  
  31  4:09  Marauder  
  34  4:14  SCV  
  35  4:22  SCV  
  36  4:29  SCV  
  37  4:37  SCV  
  38  4:40  Supply Depot  
  38  4:44  SCV  
  38  4:45  Starport Tech Lab  
  39  4:51  SCV  
  39  4:54  Marine  
  39  4:58  SCV  
  41  5:05  SCV, Raven  
  44  5:13  SCV  
  45  5:20  SCV  
  46  5:27  SCV  
  47  5:40  Marine  
  48  5:48  Raven  
  50  6:25  Marine  
  51  7:12  Marauder  
  53  8:20  SCV  
  53  8:45  Marine  
  45  8:59  SCV, Supply Depot  
  25  9:11  SCV  
  26  9:20  Supply Depot  
  20  9:30  Command Center  
Tags
 
Add a new tag
Caveats
  • Supply blocks, unpowered buildings, or Contaminate may cause inaccurate times.
  • Supply counts are checked every 10 seconds.